AoeStats
← JamesNewstedd

Golden Pit

509571010Analyzed
1v1 RM · 4d ago on Sep 27, 2026· 14m 41s· 2 players
Game mode
Random Map
Map size
Tiny (2 player)
Population
200
Speed
Normal
Resources
Standard
Victory
Conquest
Starting age
Dark Age
Ending age
Imperial Age
RankedLock teamsTeams togetherTeam positionsShared explorationLock speedFull tech treeHidden civsTurbo modeCheats
Victory
Defeat
🇧🇪 Varangians · Belgium
1665
+21
🇩🇪 Spanish · Germany
1785
-21
JamesNewstedd
10:34 Feudal Age
8:52 Loom
15:24 Castle Age
14:17 Double-Bit Axe
Wölman
7:43 Loom
10:36 Feudal Age
10:42 Man-at-Arms
11:10 Double-Bit Axe
14:10 Fletching
Connection lost

Rejoining the realm…

Still unreachable

The connection could not be restored.

Session expired

The server has moved on; the page needs a fresh start.